 Dungeon Crawl Stone Soup version 0.27.1-3-gb3d3a73c9e (webtiles) character file.

Game seed: 16385011262325137637

3346 bnorton916 the Jinx (level 9, 0/45 HPs)
             Began as a Deep Elf Conjurer on Oct 5, 2021.
             Was a Follower of Vehumet.
             Slain by a sky beast (6 damage)
             ... on level 8 of the Dungeon.
             The game lasted 00:15:03 (11405 turns).

bnorton916 the Jinx (Deep Elf Conjurer)            Turns: 11405, Time: 00:15:04

Health: 0/45       AC:  6    Str:  5    XL:     9   Next: 72%
Magic:  13/19      EV: 14    Int: 26    God:    Vehumet [*.....]
Gold:   343        SH:  5    Dex: 13    Spells: 2/18 levels left

rFire    . . .     SeeInvis .   B - +0 hand axe (flame)
rCold    . . .     Faith    .   (no shield)
rNeg     . . .     Spirit   .   r - +2 animal skin
rPois    .         Reflect  +   s - +0 helmet
rElec    .         Harm     .   e - scarf {repulsion}
rCorr    .         Rampage  .   l - +0 pair of gloves
Will     .....                  (no boots)
Stlth    ++........             a - amulet of reflection
HPRegen  0.15/turn              (no ring)
MPRegen  0.16/turn              (no ring)

@: repel missiles
A: no striking features
a: Renounce Religion


You were on level 8 of the Dungeon.
You worshipped Vehumet.
Vehumet was aware of your devotion.
You visited 2 branches of the dungeon, and saw 9 of its levels.

You collected 535 gold pieces.
You spent 192 gold pieces at shops.

Inventory:

Hand Weapons
 B - a +0 hand axe of flaming (weapon)
Armour
 e - a scarf of repulsion (worn)
 l - a +0 pair of gloves (worn)
 p - a +3 chain mail of cold resistance
 r - a +2 animal skin (worn)
 s - a +0 helmet (worn)
 x - a +0 buckler
 y - a +0 cloak
Jewellery
 a - an amulet of reflection (around neck)
Wands
 n - a wand of paralysis (10)
 u - a wand of flame (33)
 v - a wand of charming (7)
 z - a wand of polymorph (9)
 A - a wand of mindburst (14)
Scrolls
 d - a scroll of amnesia {unknown}
 g - 2 scrolls of immolation
 h - a scroll of enchant armour {unknown}
 w - a scroll of blinking {unknown}
 C - a scroll of magic mapping {unknown}
 D - a scroll of fear {unknown}
 E - 3 scrolls of identify
Potions
 b - 6 potions of curing
 c - 3 potions of berserk rage
 f - a potion of lignification {unknown}
 i - 2 potions of invisibility {unknown}
 j - 2 potions of ambrosia
 k - 3 potions of magic
 m - 3 potions of degeneration
 o - 2 potions of might
 q - 2 potions of flight
 F - a potion of resistance {unknown}
 G - a potion of haste {unknown}
 H - a potion of attraction {unknown}


   Skills:
 + Level 3.8 Armour
 + Level 6.3 Dodging
 - Level 2.4 Stealth
 - Level 5.4 Spellcasting
 - Level 5.8 Conjurations
 - Level 8.8 Hexes
 - Level 7.3 Translocations
 + Level 5.2 Ice Magic


You had 2 spell levels left.
You knew the following spells:

 Your Spells              Type           Power      Damage    Failure   Level
a - Magic Dart            Conj           100%       1d8       1%          1
b - Searing Ray           Conj           74%        3d6       1%          2
c - Fulminant Prism       Conj/Hex       22%        3d13      3%          4
d - Iskenderun's Mystic   Conj/Tloc      41%        2d9       4%          4
e - Freezing Cloud        Conj/Ice/Air   13%        6-21      41%         5

Your spell library contained the following spells:

 Spells                   Type           Power      Damage    Failure   Level
 Shock                    Conj/Air       88%        1d8       2%          1
 Static Discharge         Conj/Air       22%        N/A       3%          2
 Call Imp                 Summ           7%         N/A       11%         2
 Corpse Rot               Necr/Air       N/A        N/A       11%         2
 Poisonous Vapours        Pois/Air       14%        N/A       11%         2
 Dazzling Flash           Conj/Hex       90%        N/A       1%          3
 Mephitic Cloud           Conj/Pois/Air  17%        N/A       10%         3
 Sticky Flame             Conj/Fire      22%        2d4       22%         4
 Lightning Bolt           Conj/Air       11%        1d24      52%         5
 Airstrike                Air            3%         N/A       58%         4
 Dispel Undead            Necr           7%         3d8       58%         4
 Summon Lightning Spire   Summ/Air       7%         N/A       58%         4
 Simulacrum               Ice/Necr       10%        N/A       98%         6
 Polar Vortex             Ice            17%        N/A       100%        9


Dungeon Overview and Level Annotations

Branches:
Dungeon (8/15)             Temple (1/1) D:5
   Lair: D:8-11

Altars:
Ashenzari
Cheibriados
Dithmenos
Elyvilon
Fedhas
Gozag
Hepliaklqana
Kikubaaqudgha
Makhleb
Nemelex Xobeh
Okawaru
Qazlal
Ru
Sif Muna
Trog
Uskayaw
Vehumet
Xom
Yredelemnul
Zin
The Shining One

Shops:
D:1 *   D:4 !


Message History

The searing ray hits the orc warrior!
The orc warrior is almost dead.
The sky beast barely misses you.
The two-headed ogre hits you with a +0 giant club!!
The two-headed ogre hits you with a +0 giant club!
* * * LOW HITPOINT WARNING * * *
Unknown command.
Unknown command.
Unknown command.
Unknown command.
You feel much better. You block the sky beast's attack.
The two-headed ogre hits you with a +0 giant club!
* * * LOW HITPOINT WARNING * * *
You block the two-headed ogre's attack.
Casting: Searing Ray (safe; 1% risk of failure)
Confirm with . or Enter, or press ? or * to list all spells.
You erupt in a blast of force!
The mystic blast hits the orc warrior.
The orc warrior is almost dead.
The orc warrior is knocked back by the mystic blast.
The mystic blast hits the jelly!
You kill the jelly!
Vehumet accepts your kill.
The mystic blast hits the sky beast.
The sky beast is moderately wounded.
The sky beast is knocked back by the mystic blast.
The mystic blast hits the two-headed ogre!
You kill the two-headed ogre!
Vehumet accepts your kill.
The sky beast flickers out of sight!
Deactivating autopickup; reactivate with Ctrl-A.
Your Dodging skill increases to level 6!
Your Ice Magic skill increases to level 5!
Unknown command.
Unknown command.
Unknown command.
Something barely misses you.
You hit something but do no damage. Something hits you.
* * * LOW HITPOINT WARNING * * *
Something shocks you.
You die...

#g..# ##### #...#
....J########o..#
.........[..g...#
...##...######.#
#.o## #.# #)##
#.# #.# #.# #@#
#.# .######.# .#
.......<#
.########


You could see an orc warrior.

Vanquished Creatures
  A two-headed ogre (D:8)
  A wyvern (D:5)
  3 water moccasins
  A sky beast (D:8)
  A black bear (D:5)
  An ice beast (D:7)
  An orc warrior (D:8)
  3 ogres
  4 centaurs
  A phantom (D:5)
  3 kobold brigands
  A bullfrog (D:3)
  A gnoll sergeant (D:8)
  A scorpion (D:6)
  A water moccasin skeleton (D:4)
  2 hounds
  5 jellies
  4 orc priests
  A bullfrog skeleton (D:6)
  An iguana (D:6)
  Ijyb (D:4)
  Terence (D:3)
  5 orc wizards
  A hound skeleton (D:4)
  Robin (D:3)
  5 adders
  3 shadow imps (D:5)
  2 white imps
  An ufetubus (D:5)
  A worm (D:2)
  2 dart slugs
  18 orcs
  11 bats
  9 endoplasms
  5 giant cockroaches
  18 goblins
  6 hobgoblins
  2 jackals (D:1)
  13 kobolds
  5 quokkas
  7 ball pythons
  4 frilled lizards
  4 rats
162 creatures vanquished.

Vanquished Creatures (others)
  4 fulminant prisms
4 creatures vanquished.

Grand Total: 166 creatures vanquished

Notes
Turn   | Place    | Note
-------+----------+-------------------------------------------
     0 | D:1      | bnorton916 the Deep Elf Conjurer began the quest for the
                  | Orb.
     0 | D:1      | Reached XP level 1. HP: 10/10 MP: 6/6
   156 | D:1      | Reached XP level 2. HP: 15/15 MP: 2/8
   283 | D:1      | Found Hocuant's Assorted Antiques.
  1191 | D:2      | Reached skill level 5 in Conjurations
  1191 | D:2      | Reached XP level 3. HP: 19/19 MP: 8/10
  1208 | D:2      | Learned a level 2 spell: Searing Ray
  2222 | D:3      | Reached XP level 4. HP: 24/24 MP: 8/12
  2227 | D:3      | Learned a level 4 spell: Fulminant Prism
  2232 | D:3      | Learned a level 4 spell: Iskenderun's Mystic Blast
  2308 | D:3      | Noticed a bullfrog
  2314 | D:3      | Killed a bullfrog
  2315 | D:3      | Reached skill level 5 in Spellcasting
  2315 | D:3      | Reached XP level 5. HP: 21/28 MP: 6/14
  2606 | D:3      | Noticed an ogre
  2611 | D:3      | Killed an ogre
  2612 | D:3      | Reached skill level 2 in Hexes
  2849 | D:3      | Reached skill level 3 in Hexes
  2849 | D:3      | Reached XP level 6. HP: 32/32 MP: 12/16
  2934 | D:3      | Found a faded altar of an unknown god.
  3022 | D:3      | Noticed Terence
  3027 | D:3      | Killed Terence
  3307 | D:3      | Found a sparkling altar of Nemelex Xobeh.
  3369 | D:3      | Found a glowing golden altar of the Shining One.
  3793 | D:4      | Found a basalt altar of Yredelemnul.
  3850 | D:4      | Noticed Ijyb
  3863 | D:4      | Paralysed by Ijyb for 7 turns
  3871 | D:4      | Killed Ijyb
  4455 | D:4      | Reached skill level 4 in Hexes
  4460 | D:4      | Noticed Robin
  4511 | D:3      | Killed Robin
  4612 | D:3      | Found an iron altar of Okawaru.
  4769 | D:4      | Found a hazy altar of Hepliaklqana.
  4865 | D:4      | Found a blossoming altar of Fedhas.
  4929 | D:4      | Found Bicke's Distillery.
  4982 | D:4      | Bought a potion of heal wounds for 60 gold pieces
  4982 | D:4      | Bought a potion of magic for 96 gold pieces
  4982 | D:4      | Bought a potion of curing for 36 gold pieces
  5210 | D:4      | Found a broken altar of Ashenzari.
  5210 | D:4      | Found a bloodstained altar of Trog.
  5406 | D:5      | Entered Level 5 of the Dungeon
  5415 | D:5      | Reached XP level 7. HP: 27/36 MP: 8/17
  5697 | D:5      | Found an ancient bone altar of Kikubaaqudgha.
  5725 | D:5      | Reached skill level 5 in Hexes
  6139 | D:5      | Found a transporter.
  6179 | D:5      | Reached skill level 6 in Hexes
  6179 | D:5      | Reached skill level 5 in Translocations
  6954 | D:5      | Found a transporter.
  7055 | D:5      | Found a staircase to the Ecumenical Temple.
  7126 | D:5      | Reached skill level 7 in Hexes
  7126 | D:5      | Reached XP level 8. HP: 41/41 MP: 13/18
  7132 | Temple   | Entered the Ecumenical Temple
  7347 | Temple   | Became a worshipper of Vehumet
  8128 | D:5      | Reached skill level 8 in Hexes
  9041 | D:6      | Learned a level 5 spell: Freezing Cloud
  9126 | D:6      | Reached skill level 1 in Armour
  9126 | D:6      | Reached skill level 1 in Ice Magic
 10232 | D:6      | Reached XP level 9. HP: 42/45 MP: 12/19
 10863 | D:7      | Found a white marble altar of Elyvilon.
 10863 | D:7      | Found a snail-covered altar of Cheibriados.
 10863 | D:7      | Found a burning altar of Makhleb.
 11273 | D:8      | Reached skill level 5 in Dodging
 11372 | D:8      | Reached * piety under Vehumet
 11372 | D:8      | Offered knowledge of Shock by Vehumet.
 11376 | D:8      | Noticed a two-headed ogre
 11403 | D:8      | Killed a two-headed ogre
 11404 | D:8      | Reached skill level 5 in Ice Magic
 11405 | D:8      | Slain by a sky beast

Illustrated notes

Levels and vault maps discovered:
D:1:      dpeg_arrival_arbitrary_a, layout_loops_ring, serial_shops, shop
D:2:      layout_loops_corners, small_statue_intersection
D:3:      minmay_inner_zag, layout_basic, tso_metal_star, marbit_many_paths,
          general_overflow_altar, shapermc_ecumenical_altar_mp_highgroup,
          uniq_terence
D:4:      layout_loops_ring, mainiacjoe_overflow_divided_tiny,
          mainiacjoe_overflow_alcove_4, mainiacjoe_overflow_alcove_1,
          mainiacjoe_overflow_cross_hatched, serial_shops,
          nicolae_shop_statue_plus, uniq_robin, uniq_ijyb
D:5:      gammafunk_wand_slinger, layout_loops_ring,
          nicolae_kikubaaqudgha_miasma_corner, minmay_temple_entry_stoned_glass,
          grunt_ministairs_1, grunt_decor_fettered
D:6:      cheibrodos_thug_alley, layout_basic, minmay_microvault
D:7:      layout_basic, chequers_temple_overflow_statue_of_worship
D:8:      minmay_distorted_concentric_squares, layout_loops_ring,
          kennysheep_island_fort, uniq_psyche
Temple:   compressed_dpeg_triangle_lava_temple

Skill      XL: |  1  2  3  4  5  6  7  8  9 |
---------------+----------------------------+-----
Spellcasting   | 4 5 |  5.4
Conjurations   | 5 |  5.8
Hexes          | 3 4 7 8 |  8.8
Translocations | 2 4 6 7 |  7.3
Armour         | 1 3 |  3.8
Dodging        | 3 6 |  6.3
Ice Magic      | 2 5 |  5.2
Stealth        | |  2.4

Action                   |  1- 3 |  4- 6 |  7- 9 || total
-------------------------+-------+-------+-------++-------
Melee: Hand axe          |       |       |    20 ||    20
       Unarmed           |       |       |     1 ||     1
 Cast: Magic Dart        |    79 |    98 |    85 ||   262
       Searing Ray       |       |    11 |    49 ||    60
       Fulminant Prism   |       |       |     4 ||     4
       Iskenderun's Myst |       |       |     4 ||     4
  Use: Scroll            |       |     4 |     6 ||    10
       Potion            |       |       |     3 ||     3
Armor: Robe              |     1 |     2 |       ||     3
       Animal skin       |       |     1 |    11 ||    12
Dodge: Dodged            |     8 |    24 |    41 ||    73
       Repelled          |       |     1 |     4 ||     5
Block: Other             |       |       |    12 ||    12
       Reflection        |       |       |     3 ||     3
